Map: Frozen Temple

Players

HATETHISGAME

  • Race: Protoss Protoss
  • League: Diamond

屁卡丘 - Winner!

  • Race: Terran Terran
  • League: Diamond

VOD

Have the link to the VOD?

Description

Time

  • Played on: July 6, 2016, 12:31 p.m.
  • Length: 9:28
Show
View Real Time Build Order
Export as new Build Order

HATETHISGAME Protoss 

Build Orders: 1 Gate Expand 

Get SALT Encoding   

  12  0:02  Probe (Chrono Boost)  
  13  0:12  Probe (Chrono Boost)  
  14  0:19  Pylon  
  14  0:23  Probe (Chrono Boost)  
  15  0:37  Probe (Chrono Boost)  
  15  0:38  Gateway  
  16  0:47  Probe (Chrono Boost)  
  16  0:49  Assimilator  
  17  0:58  Probe (Chrono Boost)  
  18  1:08  Probe (Chrono Boost)  
  19  1:21  Nexus  
  19  1:31  Cybernetics Core  
  19  1:35  Zealot (Chrono Boost)  
  21  1:43  Assimilator  
  21  1:45  Probe  
  22  1:55  Pylon  
  22  1:57  Probe  
  23  2:14  Zealot (Chrono Boost)  
  24  2:31  Mothership Core (Chrono Boost)  
  24  2:33  Pylon  
  26  2:37  Stalker (Chrono Boost)  
  28  2:51  Probe (Chrono Boost)  
  28  3:01  Pylon  
  28  3:03  Probe  
  28  3:05  Stalker (Chrono Boost)  
  31  3:14  Warp Gate  
  31  3:18  Probe  
  32  3:31  Stalker (Chrono Boost)  
  34  3:39  Probe  
  34  3:40  Probe  
  34  3:52  Probe  
  35  3:57  Gateway, Stalker (Chrono Boost)  
  36  4:05  Pylon  
  36  4:11  Probe  
  36  4:12  Probe  
  36  4:23  Stalker (Chrono Boost)  
  38  4:35  Probe (Chrono Boost)  
  39  4:39  Robotics Facility  
  39  4:44  Probe (Chrono Boost)  
  40  4:49  Stalker  
  40  4:50  Twilight Council  
  42  4:58  Probe x2 (Chrono Boost)  
  44  5:05  Stalker  
  46  5:08  Probe x2 (Chrono Boost)  
  44  5:28  Warp Prism (Chrono Boost)  
  44  5:35  Probe  
  46  5:36  Dark Shrine  
  47  5:45  Stalker x2  
  47  5:46  Probe  
  46  5:58  Probe  
  41  6:08  Observer (Chrono Boost)  
  37  6:12  Probe  
  36  6:23  Probe  
  37  6:30  Adept x2, Probe  
  42  6:36  Probe  
  42  6:46  Probe  
  42  6:56  Dark Templar  
  42  6:58  Probe  
  43  7:09  Dark Templar  
  43  7:10  Dark Templar, Probe  
  42  7:17  Probe  
  42  7:21  Probe  
  37  7:29  Probe  
  36  7:32  Probe  
  34  7:41  Probe  
  31  7:48  Probe  
  31  7:50  Stalker  
  34  7:53  Probe  
  34  8:03  Probe  
  34  8:05  Probe  
  34  8:15  Probe  
  34  8:16  Stalker  
  34  8:18  Probe  
  38  8:27  Probe (Chrono Boost)  
  38  8:30  Probe (Chrono Boost)  
  40  8:40  Probe (Chrono Boost)  
  36  8:42  Probe (Chrono Boost)  
  37  8:50  Probe (Chrono Boost)  
  37  8:52  Probe (Chrono Boost)  
  39  8:55  Dark Templar  
  39  9:01  Probe (Chrono Boost)  
  42  9:04  Probe (Chrono Boost)  
  43  9:11  Stalker  
  43  9:15  Probe (Chrono Boost)  
  46  9:17  Probe (Chrono Boost)  
Show
View Real Time Build Order
Export as new Build Order

屁卡丘 Terran - Winner!

Build Orders:  

Get SALT Encoding   

  12  0:00  SCV  
  13  0:16  Supply Depot  
  13  0:20  SCV  
  14  0:39  Barracks  
  14  0:50  Barracks  
  14  0:56  Refinery  
  14  1:03  Refinery  
  14  1:08  SCV  
  15  1:20  SCV  
  16  1:33  Reaper  
  16  1:39  Orbital Command  
  17  1:43  Reaper  
  18  2:05  Reaper  
  19  2:08  Supply Depot  
  19  2:19  Reaper  
  19  2:32  SCV  
  20  2:37  Reaper  
  21  2:44  SCV  
  22  2:51  Reaper  
  22  2:53  Factory  
  22  2:57  SCV  
  24  3:09  SCV, Reaper  
  26  3:18  Supply Depot  
  26  3:22  SCV  
  27  3:34  SCV  
  28  3:41  Hellion  
  30  3:42  Starport  
  30  3:46  SCV  
  31  3:58  SCV, Command Center  
  32  4:04  Widow Mine  
  32  4:05  Liberator  
  34  4:10  SCV  
  34  4:15  Supply Depot  
  35  4:22  SCV  
  39  4:36  SCV, Widow Mine  
  41  4:56  Barracks  
  41  5:04  SCV  
  41  5:07  Liberator  
  41  5:14  Barracks Tech Lab  
  41  5:17  Barracks Reactor  
  41  5:22  SCV, Orbital Command  
  41  5:24  Widow Mine  
  46  5:34  SCV  
  47  5:36  Marauder, Stimpack, Supply Depot  
  49  5:43  Orbital Command  
  49  5:45  Barracks Reactor  
  49  5:46  SCV  
  49  5:47  Barracks Tech Lab  
  50  5:58  SCV  
  50  6:16  SCV  
  50  6:17  Marauder x2  
  50  6:18  Marine x2  
  57  6:19  Medivac  
  59  6:28  SCV  
  60  6:35  Marine  
  61  6:45  Marine  
  63  6:47  Barracks Tech Lab  
  63  6:50  Orbital Command  
  62  6:55  Marine x2  
  64  7:03  Marine  
  65  7:12  SCV, Orbital Command, Marine  
  65  7:13  Marine  
  68  7:20  Marine  
  68  7:21  Marine  
  66  7:24  SCV  
  60  7:31  Marine  
  60  7:32  Marine  
  58  7:39  Marine x2  
  60  7:49  Marine  
  61  7:54  Engineering Bay  
  61  7:56  SCV, Supply Depot  
  62  8:06  Medivac  
  62  8:08  Marine  
  62  8:11  Widow Mine  
  67  8:27  Missile Turret  
  67  8:29  Missile Turret  
  67  8:39  Starport Reactor  
  66  8:47  Marine  
  67  8:49  Marine  
  67  8:50  Marine  
  67  8:52  Marine  
  70  9:05  Marine  
  70  9:07  Marine x2  
  70  9:09  Marine  
Tags
 
Add a new tag
Caveats
  • Supply blocks, unpowered buildings, or Contaminate may cause inaccurate times.
  • Supply counts are checked every 10 seconds.